 Seeded DCSS version 0.30-a0-358-g0d69a1922f (webtiles) character file.

Game seed: 20221109 (custom seed)

26 a11behringer the Conjurer (level 2, 0/16 (24) HPs)
             Began as a Demigod Reaver on Nov 9, 2022.
             Succumbed to an adder's poison
             ... on level 2 of the Dungeon.
             The game lasted 00:01:55 (959 turns).

a11behringer the Conjurer (Demigod Reaver)           Turns: 959, Time: 00:01:55

HP:   0/16 (24)     AC:  3    Str: 13    XL:     2   Next: 69%
MP:   7/7           EV: 11    Int: 15    God:
Gold: 48            SH:  0    Dex: 12    Spells: 4/5 levels left

rFire   . . .      SeeInvis .    a - +0 hand axe
rCold   . . .      Faith    .    (no shield)
rNeg    . . .      Spirit   .    b - +0 leather armour
rPois   .          Reflect  .    (no helmet)
rElec   .          Harm     .    (no cloak)
rCorr   .          Rampage  .    (no gloves)
Will    .....                    (no boots)
Stlth   +.........               (no amulet)
HPRegen 0.22/turn                (no ring)
MPRegen 0.10/turn                (no ring)

@: lethally poisoned (0 -> -1), very heavily drained
A: high MP 1, forlorn, divine attributes
a: no special abilities


You were on level 2 of the Dungeon.
You visited 1 branch of the dungeon, and saw 2 of its levels.

You collected 48 gold pieces.

Inventory:

Hand Weapons
 a - a +0 hand axe (weapon)
Armour
 b - a +0 leather armour (worn)
Scrolls
 d - a scroll of silence {unknown}
 g - a scroll of enchant armour {unknown}
 h - a scroll of teleportation {unknown}
Potions
 c - 2 potions of curing {unknown}
 e - a potion of haste {unknown}
 f - a potion of ambrosia {unknown}
 i - a potion of flight {unknown}


   Skills:
 + Level 2.1 Fighting
 + Level 2.9 Axes
 + Level 2.1 Dodging
 + Level 2.0 Spellcasting
 + Level 2.9 Conjurations


You had 4 spell levels left.
You knew the following spells:

 Your Spells              Type           Power      Damage    Failure   Level
a - Kiss of Death         Conj/Necr      20%        2d7       16%         1

Your spell library contained the following spells:

 Spells                   Type           Power      Damage    Failure   Level
 Momentum Strike          Conj/Tloc      10%        3d8       24%         2
 Hailstorm                Conj/Ice       5%         3d4       43%         3


Dungeon Overview and Level Annotations

Branches:
Dungeon (2/15)


Innate Abilities, Weirdness & Mutations

You have an increased reservoir of magic. (+10% MP)
You shall have no god before yourself.
Your divine heritage dramatically boosts your attributes as you level up.


Message History

You closely miss the kobold. You hit the giant cockroach.
You feel sick. The giant cockroach closely misses you.
The kobold closely misses you. The adder bites you.
You barely miss the adder.
The adder is almost dead.
You hit the kobold.
You hit the giant cockroach but do no damage.
You feel sick. The giant cockroach misses you. The adder bites you.
The kobold completely misses you. The giant cockroach barely misses you.
The adder closely misses you. The kobold completely misses you.
You are too injured to fight recklessly!
You are too injured to fight recklessly!
You are too injured to fight recklessly!
You are too injured to fight recklessly!
You are too injured to fight recklessly!
Unknown command.
Unknown command.
You are too injured to fight recklessly!
You are too injured to fight recklessly!
You closely miss the adder.
The adder is almost dead.
You hit the kobold.
You kill the kobold!
You hit the giant cockroach.
You feel sick. The giant cockroach misses you. The adder barely misses you.
You closely miss the adder.
The adder is almost dead.
You hit the giant cockroach but do no damage.
You feel sick. The giant cockroach barely misses you. The adder bites you.
* * * LOW HITPOINT WARNING * * *
The giant cockroach misses you.
You hit the adder but do no damage.
The adder is almost dead.
You hit the giant cockroach.
You kill the giant cockroach!
You feel sick. The adder bites you but does no damage. The adder bites you.
* * * LOW HITPOINT WARNING * * *
You miss the adder.
The adder is almost dead.
You die...

### ... ....
####+## .....
.......#++.....
...............
......).<......
#....S@.......
#....†########
######


You could see an adder.

Vanquished Creatures
  3 endoplasms (D:1)
  3 giant cockroaches
  A goblin (D:1)
  3 hobgoblins (D:1)
  4 kobolds
  2 quokkas (D:1)
  5 ball pythons (D:1)
  A bat (D:1)
  2 rats (D:1)
24 creatures vanquished.

Notes
Turn   | Place    | Note
-------+----------+-------------------------------------------
     0 | D:1      | a11behringer the Demigod Reaver began the quest for the
                  | Orb.
     0 | D:1      | Reached XP level 1. HP: 17/17 MP: 5/5
   215 | D:1      | Reached XP level 2. HP: 20/20 MP: 7/7
   959 | D:2      | Succumbed to an adder's poison

Illustrated notes

Levels and vault maps discovered:
D:1:      tarquinn_simple_flora_water_f, layout_basic,
          chequers_serial_rivers_small_a, minmay_misc_feat_rugged,
          corexii_item_surrounded_by_moat, minmay_heptomino_d4
D:2:      layout_basic, kennysheep_nondescript, uniq_terence, uniq_natasha

Skill      XL: |  1  2 |
---------------+-------+-----
Fighting       | 2 |  2.1
Dodging        | 2 |  2.1
Spellcasting   | 2 |  2.0
Axes           | |  2.9
Conjurations   | |  2.9

Action                   || total
-------------------------++-------
Melee: Hand axe          ||    83
       Punch             ||     2
 Cast: Kiss of Death     ||     3
Armor: Leather armour    ||    29
Dodge: Dodged            ||    65

Table legend: (Time is in decaauts)
 A = Elapsed time spent in this place.
 B = Non-inter-level travel time spent in this place.
 C = Inter-level travel time spent in this place.
 D = Time resting spent in this place.
 E = Time spent auto-exploring this place.
 F = Levels seen in this place.
 G = Mean time per level.
                   A        B        C        D        E       F      G
               +--------+--------+--------+--------+--------+-----+--------+
         Total |    972 |    945 |     27 |      0 |    793 |   2 |  486.0 |
       Dungeon |    972 |    945 |     27 |      0 |    793 |   2 |  486.0 |
               +--------+--------+--------+--------+--------+-----+--------+

Top non-repeatable levels by time:
     D:1: 961 daAuts
     D:2: 11 daAuts
